[Event "Early-Titled-Tuesday-Blitz-January-30-2024"]
[Site "Chess.com"]
[Date "2024.01.30"]
[Round "2"]
[White "GHANDEEVAM2003"]
[Black "ozates"]
[Result "1/2-1/2"]
[WhiteElo "3068"]
[BlackElo "2654"]
[TimeControl "180+1"]
[EndTime "8:19:04 PST"]
[Termination "Game drawn by repetition"]

1. c3 c5 2. Nf3 Nc6 3. d4 cxd4 4. cxd4 d5 5. Bf4 Nf6 6. e3 Bf5 7. Bb5 e6 8. Qa4 Qb6 9. Nbd2 Be7 10. Ne5 Rc8 11. O-O O-O 12. Bxc6 bxc6 13. Nb3 c5 14. dxc5 Bxc5 15. Rac1 Bd6 16. Rxc8 Rxc8 17. Nd4 Bg6 18. Nec6 Bf8 19. b3 a6 20. Rc1 Kh8 21. Rd1 Ne4 22.
Ne5 Nc3 23. Qd7 Nxd1 24. Qxc8 Qc5 25. Ndc6 Nc3 26. b4 Ne2+ 27. Kf1 Ng3+ 28. fxg3 Qc1+ 29.
Ke2 Qc2+ 30. Kf3 Qe4+ 31. Kf2 Qc2+ 32. Kf3 Qe4+ 33. Kg4 Qf5+ 34. Kf3 Qe4+ 1/2-1/2

[Event "Early-Titled-Tuesday-Blitz-January-30-2024"]
[Site "Chess.com"]
[Date "2024.01.30"]
[Round "2"]
[White "Russian_berezka"]
[Black "KuzubovYuriy"]
[Result "0-1"]
[WhiteElo "2582"]
[BlackElo "2882"]
[TimeControl "180+1"]
[EndTime "8:19:04 PST"]
[Termination "KuzubovYuriy won on time"]

1. e4 e6 2. d4 d5 3. exd5 exd5 4. Nf3 Bg4 5. Bd3 Bd6 6. O-O Ne7 7. h3 Bh5 8. Bg5 f6 9. Bh4 Nbc6 10. c3 Qd7 11. b4 O-O 12. Nbd2 Bg6 13. Bxg6 hxg6 14. Nb3 Nf5 15. Nc5 Bxc5 16. bxc5 b6 17. cxb6 cxb6 18.
Bg3 Rfe8 19. Bf4 Re4 20. Bh2 Rae8 21. Re1 Rxe1+ 22. Nxe1 Na5 23. Nd3 Nc4 24. Qf3 g5 25.
Qg4 Re4 26. Qh5 Qe6 27. Bb8 a6 28. a4 Qe8 29. Qxe8+ Rxe8 30. Bc7 Rc8 31. Bg3 a5 32. Rb1 Kf7 33. Bh2 Ke6 34. g4 Nh4 35. Ne1 Kd7 36. Bg3 Ng6 37. Ng2 Re8 38. f4 gxf4 39. Nxf4 Nxf4 40.
Bxf4 Re2 41. h4 Re4 42. Bg3 Rxg4 43. Kh2 g6 44. Kh3 f5 45. Re1 Re4 46. Rg1 Ne3 47. Be5 Ng4 48. Rb1 Kc6 49. h5 gxh5 50. Kh4 Nxe5+ 51. Kxh5 Nc4 52. Kg5 f4 53. Kg4 f3+ 54. Kg3 Re3 55. Kf2 Rxc3 56. Rh1 Nd6 57. Rh8 Ne4+ 0-1

[Event "Early-Titled-Tuesday-Blitz-January-30-2024"]
[Site "Chess.com"]
[Date "2024.01.30"]
[Round "2"]
[White "bilosuvenosu06"]
[Black "MBA_CHESS_2021"]
[Result "1-0"]
[WhiteElo "2513"]
[BlackElo "2227"]
[TimeControl "180+1"]
[EndTime "8:19:04 PST"]
[Termination "bilosuvenosu06 won by checkmate"]

1. d4 d5 2. c4 c6 3. Nc3 Nf6 4. cxd5 cxd5 5. Bf4 a6 6. e3 Nc6 7. Bd3 e6 8. Nf3 Bd6 9. Bxd6 Qxd6 10. O-O O-O 11. a3 Bd7 12. Na4 Ne4 13. Rc1 f5 14. Nc5 Nxc5 15. Rxc5 Be8 16. Qc2 Bh5 17. Nd2 f4 18.
Bxh7+ Kh8 19. Bg6 Bxg6 20. Qxg6 Rf6 21. Qg4 Raf8 22. Nf3 Rh6 23. h3 Rff6 24. b4 fxe3 25. fxe3 Rhg6 26. Ng5 Rxf1+ 27. Kxf1 Qf8+ 28. Kg1 Qf6 29.
h4 Kg8 30. Qf4 Qe7 31. a4 Rf6 32. Qg3 Qf8 33. b5 axb5 34. axb5 Ne7 35. Rc7 Rf1+ 36. Kh2 Nf5 37. Qe5 Nxh4 38. Qxe6+ Kh8 39. Qh3 Qd6+ 40.
g3 Qxc7 41. Qxh4+ Kg8 42. Qh7+ Kf8 43. Ne6+ Ke7 44. Nxc7 Kd6 45. Qxg7 Rf2+ 46. Kg1 Rb2 47. Ne8+ Ke6 48. Qf6+ Kd7 49. Qf7+ Kd8 50. Nf6 Rb1+ 51. Kg2 Kc8 52. Qd7+ Kb8 53. Qd8+ Ka7 54. Qa5+ Kb8 55. Nd7+ Kc8 56. Ne5 Rb2+ 57. Kh3 Rb1 58. Qc3+ Kb8 59.
Nd7+ Ka8 60. Qa5# 1-0

[Event "Early-Titled-Tuesday-Blitz-January-30-2024"]
[Site "Chess.com"]
[Date "2024.01.30"]
[Round "2"]
[White "SabinaFoisor"]
[Black "kingofthenil"]
[Result "0-1"]
[WhiteElo "2387"]
[BlackElo "2669"]
[TimeControl "180+1"]
[EndTime "8:19:05 PST"]
[Termination "kingofthenil won on time"]

1. d4 Nf6 2. c4 d6 3. Nf3 Nc6 4. g3 e5 5. d5 Nb8 6. Bg2 g6 7. O-O Bg7 8. Nc3 O-O 9. Qc2 a5 10. h3 Na6 11. e4 Nh5 12. Bg5 f6 13. Be3 f5 14. exf5 gxf5 15. Bg5 Qe8 16. Rae1 Qf7 17. Bc1 h6 18. Kh2 Nc5 19. Nb5 f4 20. Nd2 Bf5 21. Ne4 f3 22. Bxf3 Bxh3 23. Bg2 Bxg2 24. Kxg2 Qg6 25.
Nxc7 Rac8 26. Ne6 Nxe6 27. dxe6 d5 28. e7 Rfe8 29. Nf6+ Qxf6 30. Qe2 Qf7 31. cxd5 Qxd5+ 32. Kg1 Nf6 33. Qxe5 Qxa2 34. Bxh6 Qd5 35. Qf4 Rc4 36.
Qe3 Ng4 37. Qb6 Nxh6 0-1

[Event "Early-Titled-Tuesday-Blitz-January-30-2024"]
[Site "Chess.com"]
[Date "2024.01.30"]
[Round "2"]
[White "dianamirza"]
[Black "MFatigue"]
[Result "0-1"]
[WhiteElo "2000"]
[BlackElo "2459"]
[TimeControl "180+1"]
[EndTime "8:19:05 PST"]
[Termination "MFatigue won by resignation"]

1. d4 d5 2. Nf3 Nf6 3. e3 c5 4. b3 Nc6 5. Bb2 e6 6. Bd3 Bd6 7. a3 Qc7 8. Nbd2 e5 9. dxe5 Nxe5 10.
Nxe5 Bxe5 11. Bxe5 Qxe5 12. O-O O-O 13. Nf3 Qc3 14.
Qd2 Qxd2 15. Nxd2 Be6 16. Nf3 c4 17. Be2 cxb3 18. cxb3 Rfc8 19. Rac1 Kf8 20. Nd4 Bd7 21. Bf3 a6 22. Rfd1 Rxc1 23. Rxc1 Rc8 24. Rxc8+ Bxc8 25. Kf1 Ke7 26. Ke2 Kd6 27. Kd3 g6 28. h4 Nd7 29.
h5 Ne5+ 30. Kc3 b6 31. hxg6 fxg6 32. Be2 h6 33. Nf3 Ng4 34. Nh4 g5 35. Bxg4 Bxg4 36.
Ng6 Bh5 37. Nf8 Ke7 38. Nh7 Bg6 39. Kd4 Bxh7 40. Kxd5 Bg8+ 41. Kc6 Bxb3 42. Kxb6 Bc4 43. Kc5 Bf1 44. g3 h5 45. e4 h4 46. gxh4 gxh4 47. Kd4 0-1

[Event "Early-Titled-Tuesday-Blitz-January-30-2024"]
[Site "Chess.com"]
[Date "2024.01.30"]
[Round "2"]
[White "PolandHussars"]
[Black "GroovyKettle"]
[Result "0-1"]
[WhiteElo "2614"]
[BlackElo "2983"]
[TimeControl "180+1"]
[EndTime "8:19:06 PST"]
[Termination "GroovyKettle won on time"]

1. e4 c5 2. Ne2 d6 3. g3 Nf6 4.
Bg2 g6 5. c3 Bg7 6. d4 cxd4 7.
cxd4 O-O 8. Nbc3 Nc6 9. O-O Bg4 10. f3 Bd7 11. Be3 Qa5 12. Qd2 Rfc8 13. Rac1 a6 14. h3 b5 15. b3 Qd8 16. f4 Ne8 17. e5 Rab8 18. g4 b4 19. Ne4 e6 20. exd6 Na7 21. d5 Nb5 22. dxe6 Bxe6 23. Rxc8 Rxc8 24. f5 Bd7 25. fxg6 hxg6 26. Qxb4 Rc2 27. Nf4 Rxa2 28. Nd5 Be6 29. Ne7+ Kh8 30. Ng5 Nexd6 31. Nxg6+ Kg8 32. Nxe6 fxe6 33. Qf4 Nc3 34. Kh1 Ne2 35. Qh2 Nf7 36. Re1 Qd3 37. Bg1 Ng3+ 38. Qxg3 Qxg3 39. Ne7+ Kf8 40.
Bf1 Qf3+ 0-1

[Event "Early-Titled-Tuesday-Blitz-January-30-2024"]
[Site "Chess.com"]
[Date "2024.01.30"]
[Round "2"]
[White "yaguigor"]
[Black "Durarbayli"]
[Result "0-1"]
[WhiteElo "2596"]
[BlackElo "2913"]
[TimeControl "180+1"]
[EndTime "8:19:07 PST"]
[Termination "Durarbayli won by resignation"]

1. e4 c5 2. Nf3 d6 3. d4 cxd4 4. Nxd4 Nf6 5. Nc3 a6 6. f3 e5 7. Nb3 Be6 8. Be3 Nbd7 9. Qd2 h5 10. Nd5 Bxd5 11. exd5 g6 12. Be2 Qc7 13. O-O Nb6 14.
c4 Nxc4 15. Rfc1 Nxd2 16. Rxc7 Nxd5 17. Rxb7 Nxe3 18. Nxd2 d5 19. Rc1 Bh6 20. Rcc7 O-O 21. Nb3 a5 22. a4 e4 23. Bb5 exf3 24. gxf3 Bg7 25. Nc5 Be5 26. Rd7 Bxb2 27. Kf2 Rac8 28. Kxe3 Rxc5 29. Kd3 Be5 30. h3 Rc3+ 31. Kd2 d4 32. Bd3 Bf4+ 33. Ke2 Be5 34. Be4 Kg7 35. Bd5 d3+ 36. Kd2 Ra3 37. Rxf7+ Rxf7 38. Rxf7+ Kh6 39. Bc6 Kg5 40. Rd7 Bf4+ 41. Ke1 Ra1+ 42. Kf2 d2 43. Rd5+ Kf6 0-1

[Event "Early-Titled-Tuesday-Blitz-January-30-2024"]
[Site "Chess.com"]
[Date "2024.01.30"]
[Round "2"]
[White "Talent-OF-Slovenia"]
[Black "MikeSailer"]
[Result "1-0"]
[WhiteElo "2475"]
[BlackElo "2137"]
[TimeControl "180+1"]
[EndTime "8:19:07 PST"]
[Termination "Talent-OF-Slovenia won on time"]

1. e4 d5 2. exd5 Qxd5 3. Nc3 Qd6 4. d4 c6 5. Nf3 Bg4 6. Be2 Nf6 7. O-O e6 8. h3 Bxf3 9. Bxf3 Nbd7 10. Be3 Qc7 11. Qe2 Bd6 12. Rfe1 O-O 13. Ne4 Nxe4 14. Bxe4 a5 15. c4 a4 16. c5 Bh2+ 17. Kh1 Nf6 18. Bc2 Bf4 19. Qf3 Bxe3 20. fxe3 e5 21. Rad1 Rfe8 22.
Qg3 Qe7 23. Rf1 a3 24. bxa3 Rxa3 25. Bb3 Raa8 26. Qf3 Rad8 27. Kg1 exd4 28. exd4 Qe3+ 29. Qxe3 Rxe3 30. Kf2 Rde8 31. Rfe1 Rxe1 32. Rxe1 Rxe1 33. Kxe1 Kf8 34. Bc4 Ke7 35. a3 Nh5 36. Kf2 1-0

[Event "Early-Titled-Tuesday-Blitz-January-30-2024"]
[Site "Chess.com"]
[Date "2024.01.30"]
[Round "2"]
[White "Sebastian"]
[Black "ChainedDowntohell"]
[Result "1-0"]
[WhiteElo "2959"]
[BlackElo "2607"]
[TimeControl "180+1"]
[EndTime "8:19:09 PST"]
[Termination "Sebastian won on time"]

1. e4 c5 2. Nf3 e6 3. d4 cxd4 4. Nxd4 Nc6 5. Nc3 Qc7 6. Be2 a6 7. Nxc6 Qxc6 8. O-O d6 9. a4 Bd7 10. a5 Be7 11. Be3 Nf6 12. Ra4 Qc8 13. Rc4 Bc6 14.
Na4 Qc7 15. Nb6 Rd8 16. Bf3 O-O 17. Nd5 exd5 18. exd5 Nxd5 19. Bxd5 Qxa5 20. Bxc6 bxc6 21. Rxc6 Rc8 22. Rb6 d5 23. Rb7 Bf6 24. b4 Qa2 25.
Bc5 Rfe8 26. g3 a5 27. Ra7 Ra8 28. Re1 Rec8 29. Qe2 h6 30. Qa6 Qxc2 31. Rxa8 Rxa8 32. Qxa8+ Kh7 33. Qxd5 Qc3 34. Qe4+ g6 35. Be7 Bg7 36. bxa5 Qxa5 37. Kg2 Qa2 38. Bd6 Qb3 39. Be5 Bf8 40. Re3 Qe6 41. Qf3 Qd7 42. Qf6 1-0

[Event "Early-Titled-Tuesday-Blitz-January-30-2024"]
[Site "Chess.com"]
[Date "2024.01.30"]
[Round "2"]
[White "stollenmonster"]
[Black "arenal72"]
[Result "1-0"]
[WhiteElo "2904"]
[BlackElo "2590"]
[TimeControl "180+1"]
[EndTime "8:19:09 PST"]
[Termination "stollenmonster won by resignation"]

1. e4 Nc6 2. Nc3 e5 3. g3 Nf6 4. Bg2 Bc5 5. h3 O-O 6. Nge2 d6 7. d3 h6 8. O-O Be6 9. Nd5 Bxd5 10. exd5 Ne7 11. c4 Qd7 12. Kh2 Nf5 13. Nc3 Nd4 14. f4 exf4 15. Bxf4 Nf5 16. Qd2 Rae8 17. Ne4 Bd4 18.
Rae1 Nh5 19. b3 Kh7 20. h4 Nxh4 21. Bh3 f5 22. Be3 Bxe3 23. Rxe3 Qd8 24. gxh4 fxe4 25. Rxf8 Rxf8 26. Rxe4 Qf6 27. Qe1 Qf2+ 28. Qxf2 Rxf2+ 29. Kg1 Rxa2 30. Re7 Kg6 31. Rxc7 Nf4 32. Bc8 Nxd3 33. Rd7 Nc5 34. Rxd6+ Kh5 35. b4 Ra1+ 36. Kg2 Nd3 37. Rd7 g6 38. c5 Ra2+ 39. Kg3 Nxb4 40. Bxb7 Ra3+ 41. Kg2 Ra2+ 42. Kf1 Nd3 43. c6 Ra1+ 44. Ke2 Nc5 45. Rg7 Rc1 46. d6 Ne4 47. d7 Rc2+ 48.
Kd3 Rd2+ 49. Kxe4 g5 50. hxg5 hxg5 51. c7 a5 52. c8=Q 1-0

[Event "Early-Titled-Tuesday-Blitz-January-30-2024"]
[Site "Chess.com"]
[Date "2024.01.30"]
[Round "2"]
[White "alekroth65"]
[Black "RobertJFischer71"]
[Result "1-0"]
[WhiteElo "2365"]
[BlackElo "2562"]
[TimeControl "180+1"]
[EndTime "8:19:09 PST"]
[Termination "alekroth65 won by checkmate"]

1. d4 b6 2. c4 Bb7 3. Nc3 e6 4. a3 Nf6 5. d5 Be7 6. e4 d6 7.
Be3 exd5 8. cxd5 c6 9. dxc6 Nxc6 10. Nf3 O-O 11. Bc4 Ne5 12. Nxe5 dxe5 13. Qxd8 Rfxd8 14. f3 Rac8 15. Ba2 Nh5 16. g3 Bxa3 17. Bxf7+ Kxf7 18. Rxa3 Ra8 19. Ke2 Nf6 20. Rc1 Bc6 21. Ra6 Bb7 22.
Ra3 Bc6 23. Ra6 Rd7 24. Rca1 Rb7 25. b4 Rc7 26. b5 Bd7 27. R1a3 Rac8 28. Bd2 Rxc3 29.
Bxc3 Bxb5+ 30. Kd2 Bxa6 31. Rxa6 Rc7 32. Bxe5 Rb7 33.
Bd4 Ke6 34. Kd3 Ne8 35. f4 g6 36. g4 Nc7 37. f5+ Kd6 38. Ra1 a6 39. e5+ Kd5 40. e6 gxf5 41. gxf5 b5 42. Re1 Kd6 43. e7 Kd7 44. f6 Ke8 45. Rg1 Ne6 46. Rg8+ Kf7 47. e8=Q# 1-0

[Event "Early-Titled-Tuesday-Blitz-January-30-2024"]
[Site "Chess.com"]
[Date "2024.01.30"]
[Round "2"]
[White "giovannibrandao7"]
[Black "emeli_chess"]
[Result "0-1"]
[WhiteElo "2153"]
[BlackElo "2492"]
[TimeControl "180+1"]
[EndTime "8:19:10 PST"]
[Termination "emeli_chess won on time"]

1. e4 c5 2. Nf3 d6 3. d4 cxd4 4. Nxd4 Nf6 5. Nc3 a6 6. Be3 e5 7. Nb3 Be6 8. f3 Be7 9. Qd2 O-O 10. O-O-O b5 11. g4 Nbd7 12. g5 Nh5 13. Kb1 Nb6 14. Na5 Qc7 15. Nd5 Nxd5 16. exd5 Bxd5 17. Qxd5 Qxa5 18. Bh3 Qc7 19. Rd2 Qc4 20. Bg4 Nf4 21.
Qxc4 bxc4 22. Bxf4 exf4 23. h4 c3 24. Rd4 Rab8 25. b3 a5 26. Rxf4 Rb4 27. Rxb4 axb4 28. Re1 Bd8 29. Re4 f6 30. Rxb4 fxg5 31. hxg5 Bxg5 32.
Rc4 Bf6 33. Be6+ Kh8 34. a4 g5 35. b4 Kg7 36. Ka2 Re8 37. Bd5 Re1 38. Be4 h5 39. Rc7+ Kg8 40. Kb3 h4 41. Kc4 g4 42. fxg4 Rxe4+ 43. Kd5 Rxg4 0-1

[Event "Early-Titled-Tuesday-Blitz-January-30-2024"]
[Site "Chess.com"]
[Date "2024.01.30"]
[Round "2"]
[White "GMRAVEN_ON_YOUTUBE"]
[Black "m_ezat"]
[Result "1-0"]
[WhiteElo "2771"]
[BlackElo "2478"]
[TimeControl "180+1"]
[EndTime "8:19:11 PST"]
[Termination "GMRAVEN_ON_YOUTUBE won by checkmate"]

1. f4 e5 2. fxe5 d6 3. exd6 Nf6 4. dxc7 Qxc7 5. Nf3 Bd6 6. d3 O-O 7. e4 Re8 8. Nc3 Bg4 9. Bg5 Nc6 10. Qd2 Bxf3 11. gxf3 Nd4 12. Bg2 Nh5 13. O-O-O Bf4 14. Bxf4 Nxf4 15.
Rdg1 b5 16. Kb1 Rac8 17. Rc1 b4 18. Nd1 Nde2 19. Ne3 Nxc1 20. Rxc1 g6 21. h4 a5 22. Ng4 Re6 23. e5 Nd5 24. f4 Nc3+ 25. Ka1 a4 26. Nf6+ Rxf6 27. exf6 a3 28. bxc3 bxc3 29. Qe1 Qxf4 30.
Qf1 Qxh4 31. Rb1 Qg5 32. Bh3 Re8 33. Qe2 Rf8 34. Qe7 Qh6 35. d4 Kh8 36. d5 Rg8 37. Be6 Qd2 38. Qxf7 Qxc2 39. Qxg8# 1-0

[Event "Early-Titled-Tuesday-Blitz-January-30-2024"]
[Site "Chess.com"]
[Date "2024.01.30"]
[Round "2"]
[White "Zq1"]
[Black "ilushka"]
[Result "1-0"]
[WhiteElo "2553"]
[BlackElo "2338"]
[TimeControl "180+1"]
[EndTime "8:19:11 PST"]
[Termination "Zq1 won by resignation"]

1. d4 e6 2. c4 b6 3. a3 Bb7 4. Nc3 f5 5. d5 Nf6 6. g3 Bd6 7. Bg2 O-O 8. Nh3 a5 9. O-O Na6 10. Rb1 Qe7 11. Nb5 exd5 12. cxd5 Rae8 13. Nxd6 Qxd6 14. Bf4 Qc5 15. b4 axb4 16. axb4 Qb5 17. Qd3 Qxd3 18. exd3 Bxd5 19. Rfc1 Bxg2 20. Kxg2 Nd5 21.
Bd2 b5 22. Ra1 Ra8 23. Nf4 Nxf4+ 24. Bxf4 c6 25. Rcb1 Rfc8 26. Ra5 Nxb4 27. Rxa8 Rxa8 28. Rxb4 Ra4 29. Rxa4 bxa4 30. Bd6 Kf7 31. Kf3 Ke6 32. Ba3 Kd5 33. Ke3 c5 34. f3 c4 35. dxc4+ Kxc4 36. h4 d5 37. Bb2 Kb3 38. Bxg7 a3 39. Kd4 a2 40. Kxd5 Kc2 41. Ke6 Kd3 42. Kxf5 Ke3 43. Kg4 1-0

[Event "Early-Titled-Tuesday-Blitz-January-30-2024"]
[Site "Chess.com"]
[Date "2024.01.30"]
[Round "2"]
[White "BestStelker"]
[Black "HansOnTwitch"]
[Result "0-1"]
[WhiteElo "2677"]
[BlackElo "3203"]
[TimeControl "180+1"]
[EndTime "8:19:12 PST"]
[Termination "HansOnTwitch won on time"]

1. e4 c5 2. Nf3 d6 3. d4 cxd4 4. Nxd4 Nf6 5. Nc3 a6 6. Be3 e5 7. Nb3 Be6 8. h3 Nc6 9. g4 d5 10. exd5 Nxd5 11. Bg2 Nxe3 12. Qxd8+ Nxd8 13. fxe3 Bb4 14.
O-O-O Bxc3 15. bxc3 Rc8 16. Kb2 Ke7 17. Rd2 b6 18. Rhd1 Rc7 19. Nc1 f6 20. Nd3 a5 21.
Nf2 Nf7 22. Ne4 Rd7 23. Rxd7+ Bxd7 24. Bf1 Bc6 25. Nd2 Rd8 26. Kc1 Nd6 27. Bd3 g6 28. h4 a4 29. Rf1 e4 30. Be2 f5 31.
h5 Rf8 32. hxg6 hxg6 33. gxf5 Nxf5 34. Nc4 Ng3 35. Rxf8 Nxe2+ 36. Kd2 Kxf8 37. Ne5 Bb5 38. c4 Be8 39. Kxe2 Ke7 40. Ng4 Kd6 41. Kd2 Bd7 42. Nf2 Ke5 43. Kc3 g5 44. c5 bxc5 45.
Kc4 g4 46. Nh1 Kd6 47. Ng3 Kc6 48. a3 Be6+ 49. Kc3 Kd5 50. Nf1 Ke5 51. Ng3 Bd5 52.
Kd2 Kf6 53. Ke2 Kg5 54. Kf2 Kh4 55. Kg2 Ba2 56. Nf5+ Kg5 57. Ng3 Kg6 58. c3 Bb1 59.
Kf2 Bd3 60. Kg2 Kf6 61. Kf2 Ke6 62. Ke1 Kd5 63. Kd2 Kc4 64. Nf5 Kb3 65. Ng3 Kxa3 66.
Kc1 Kb3 0-1

[Event "Early-Titled-Tuesday-Blitz-January-30-2024"]
[Site "Chess.com"]
[Date "2024.01.30"]
[Round "2"]
[White "Zarinur"]
[Black "LeoWin2012"]
[Result "1-0"]
[WhiteElo "2505"]
[BlackElo "2208"]
[TimeControl "180+1"]
[EndTime "8:19:13 PST"]
[Termination "Zarinur won on time"]

1. e4 e6 2. d4 d5 3. Nd2 c5 4. exd5 exd5 5. Ngf3 Nf6 6. Bb5+ Nc6 7. O-O Be7 8. dxc5 O-O 9. Nb3 a6 10. Bxc6 bxc6 11.
Nfd4 Bd7 12. Bd2 Ne4 13. Ba5 Qc8 14. Bb6 Bd8 15. f3 Nf6 16. Bxd8 Qxd8 17. a4 a5 18. Qd2 Qc7 19. Rae1 Rfe8 20. Qg5 Rxe1 21. Rxe1 Re8 22. Rxe8+ Bxe8 23. Nf5 Nh5 24. Qxh5 g6 25. Qg5 f6 26. Qxf6 gxf5 27. Qxf5 Bg6 28. Qe6+ Kg7 29. Nd4 Qf4 30. Qe7+ Kg8 31. Ne6 Qc1+ 32. Kf2 Qd2+ 33. Kg3 Qe1+ 34. Kg4 h5+ 35. Kg5 Qe5+ 36. Kxg6 Qf6+ 37.
Qxf6 1-0

[Event "Early-Titled-Tuesday-Blitz-January-30-2024"]
[Site "Chess.com"]
[Date "2024.01.30"]
[Round "2"]
[White "Aslanov_Umid"]
[Black "Oleksandr_Bortnyk"]
[Result "0-1"]
[WhiteElo "2660"]
[BlackElo "3107"]
[TimeControl "180+1"]
[EndTime "8:19:14 PST"]
[Termination "Oleksandr_Bortnyk won by checkmate"]

1. e4 Nf6 2. e5 Nd5 3. d4 d6 4. c4 Nb6 5. exd6 exd6 6. Nf3 Be7 7.
Be2 O-O 8. Be3 Bg4 9. Nc3 Nc6 10.
b3 Re8 11. O-O Bf6 12. h3 Bh5 13. Rc1 h6 14. Qd2 d5 15. c5 Nc8 16. a3 N8e7 17. g4 Bg6 18. b4 a6 19. Ne1 Qd7 20. Ng2 b6 21. f4 bxc5 22. bxc5 Na5 23. Rcd1 Nec6 24. Qe1 Rxe3 25. Nxe3 Bxd4 26. Rxd4 Nxd4 27. f5 Bh7 28. Ncxd5 Re8 29. Qxa5 Nxe2+ 30. Kf2 Nd4 31. Rd1 c6 32. Rxd4 cxd5 33. Nxd5 Kh8 34. Qc7 Qb5 35. Ne3 Qb2+ 36. Kf3 Qxd4 37. Qf4 Qxc5 38. g5 Qxa3 39. gxh6 Qxe3+ 40. Qxe3 Rxe3+ 41. Kxe3 gxh6 42. f6 a5 43. Kd4 Bf5 44. Kc5 Bxh3 45. Kb5 Be6 46. Kxa5 h5 47.
Kb4 h4 48. Kc3 h3 49. Kd4 h2 50. Ke5 h1=Q 51. Kd6 Qb7 52. Ke5 Qd5+ 53. Kf4 Kh7 54.
Kg3 Kg6 55. Kh4 Qg5# 0-1

[Event "Early-Titled-Tuesday-Blitz-January-30-2024"]
[Site "Chess.com"]
[Date "2024.01.30"]
[Round "2"]
[White "Skatchkov_V"]
[Black "spaski2004"]
[Result "0-1"]
[WhiteElo "2613"]
[BlackElo "2971"]
[TimeControl "180+1"]
[EndTime "8:19:14 PST"]
[Termination "spaski2004 won by resignation"]

1. d4 c6 2. c4 d6 3. Nc3 Nf6 4. e4 e5 5. d5 c5 6. Bd3 Be7 7. Nge2 Nh5 8. Be3 Bg5 9. Qd2 Bxe3 10. Qxe3 O-O 11. a4 Na6 12. O-O Nb4 13. Bb1 g6 14. Ra3 f5 15. f4 exf4 16. Nxf4 Nxf4 17. Qxf4 fxe4 18. Qxf8+ Qxf8 19. Rxf8+ Kxf8 20. Nxe4 Ke7 21. Rf3 Bf5 22. Ng5 Bxb1 23. Rf7+ Ke8 24. Rxh7 Rd8 25.
Ne6 Nd3 26. Rh8+ Ke7 27. Rh7+ Ke8 28. Rh8+ Ke7 29. Rxd8 Ba2 30. Rb8 b6 31. Rb7+ Kf6 32. Rxa7 Bxc4 33. Nc7 Nxb2 34. Ra8 Bb3 35. Re8 c4 36.
Re6+ Kf7 37. Rxd6 c3 38. Rc6 Bc4 39. Nb5 c2 40. Nd6+ Kg7 41. Rc7+ 0-1

[Event "Early-Titled-Tuesday-Blitz-January-30-2024"]
[Site "Chess.com"]
[Date "2024.01.30"]
[Round "2"]
[White "dennisodessa"]
[Black "Jumbo"]
[Result "1-0"]
[WhiteElo "2623"]
[BlackElo "2937"]
[TimeControl "180+1"]
[EndTime "8:19:14 PST"]
[Termination "dennisodessa won by resignation"]

1. d4 Nf6 2. c4 e6 3. Nc3 Bb4 4. Qc2 c5 5. dxc5 Bxc5 6. Nf3 O-O 7. Bg5 h6 8. Bh4 b6 9. e3 Bb7 10. Be2 Be7 11. O-O d6 12. Nd4 a6 13. Bf3 Qc7 14.
Bxb7 Qxb7 15. Rac1 Nbd7 16. Rfd1 Rac8 17. Qe2 Rfe8 18.
b3 Nc5 19. f3 d5 20. cxd5 Nxd5 21. Bxe7 Nxc3 22. Rxc3 Rxe7 23. Rdc1 a5 24. a3 Ra8 25.
Qb5 e5 26. Nc6 Rc7 27. Nxe5 Rac8 28. b4 axb4 29. axb4 Ne6 30. Rxc7 Rxc7 31. Qe8+ Nf8 32. Rxc7 Qxc7 33. Nc6 g6 34. h3 Qd6 35. e4 Qd1+ 36. Kh2 Qd6+ 37. Ne5 f6 38. Qf7+ Kh8 39. Qxf8+ Qxf8 40. Nxg6+ Kg7 41. Nxf8 Kxf8 42. Kg3 Ke7 43. Kf4 Ke6 44. g4 1-0

[Event "Early-Titled-Tuesday-Blitz-January-30-2024"]
[Site "Chess.com"]
[Date "2024.01.30"]
[Round "2"]
[White "ansko1999"]
[Black "KVAIDAN"]
[Result "0-1"]
[WhiteElo "2703"]
[BlackElo "2355"]
[TimeControl "180+1"]
[EndTime "8:19:14 PST"]
[Termination "KVAIDAN won by checkmate"]

1. c4 f5 2. g3 Nf6 3. Bg2 e6 4. d3 d6 5. Nc3 Be7 6. b4 O-O 7. Bd2 e5 8. Nf3 Qe8 9. O-O Qh5 10. e3 f4 11. exf4 Bg4 12. h3 Bxh3 13.
Bxh3 Qxh3 14. Ng5 Qf5 15. fxe5 dxe5 16. Qf3 Qd7 17. Nge4 Nc6 18. Be3 Bxb4 19. Nxf6+ Rxf6 20. Qd5+ Qf7 21. Qxf7+ Rxf7 22. Nd5 Bd6 23. Rab1 b6 24. Rfc1 Raf8 25. Rc2 Nd4 26. Bxd4 exd4 27. f4 c6 28. Nb4 Bxb4 29. Rxb4 c5 30. Rb1 g5 31.
fxg5 Rf3 32. Rd2 Rxg3+ 33. Kh2 Rxg5 34. Re1 Rf6 35. Kh1 Rh5+ 36. Rh2 Rxh2+ 37. Kxh2 Rf2+ 38. Kg3 Rxa2 39. Re7 Ra3 40. Kf4 Rxd3 41. Rxa7 Re3 42. Rd7 Re6 43. Kf5 Rg6 44. Rd8+ Kg7 45. Rd7+ Kh6 46. Kf4 Re6 47. Kf5 Rc6 48. Ke5 Kg6 49.
Rd8 h5 50. Rg8+ Kh6 51. Rh8+ Kg5 52. Rg8+ Kh4 53. Kf4 Rf6+ 54. Ke5 Rf3 55. Rg6 d3 56. Ke4 Rg3 57. Rd6 d2 58. Rxd2 Rg4+ 59. Kd5 Rd4+ 60.
Rxd4+ cxd4 61. Kxd4 Kg5 62. c5 bxc5+ 63. Kxc5 h4 64.
Kd4 h3 65. Ke3 h2 66. Kf2 h1=Q 67. Kg3 Qe1+ 68. Kg2 Kg4 69. Kh2 Qe2+ 70. Kh1 Kg3 71. Kg1 Qg2# 0-1

[Event "Early-Titled-Tuesday-Blitz-January-30-2024"]
[Site "Chess.com"]
[Date "2024.01.30"]
[Round "2"]
[White "rasmussvane"]
[Black "wadsy27"]
[Result "1/2-1/2"]
[WhiteElo "2968"]
[BlackElo "2622"]
[TimeControl "180+1"]
[EndTime "8:19:15 PST"]
[Termination "Game drawn by agreement"]

1. Nf3 d5 2. g3 Bg4 3. Bg2 Nd7 4. O-O e6 5. h3 Bxf3 6. Bxf3 Ngf6 7. d3 c6 8. e4 Bd6 9. Nd2 O-O 10. d4 dxe4 11.
Nxe4 Nxe4 12. Bxe4 Nf6 13. Bg2 Qc7 14. Bg5 Be7 15.
c3 Rfd8 16. Qe2 h6 17. Bd2 Rd7 18. Rad1 Rad8 19. Bc1 a6 20. Rfe1 c5 21. Bf4 Qb6 22. Be3 cxd4 23. Bxd4 Bc5 24. Bxc5 Qxc5 25. Rxd7 Rxd7 26.
Rd1 Rxd1+ 27. Qxd1 b5 28. Bf3 g6 29. Kg2 Kg7 30. Qd3 h5 31. a4 h4 32. axb5 axb5 33.
gxh4 b4 34. c4 e5 35. b3 Qd4 36. Qxd4 exd4 37. Kf1 Nd7 38. Ke2 Nc5 39. Kd2 Kh6 40. Kc2 f5 41. Be2 1/2-1/2

[Event "Early-Titled-Tuesday-Blitz-January-30-2024"]
[Site "Chess.com"]
[Date "2024.01.30"]
[Round "2"]
[White "Hovik_Hayrapetyan"]
[Black "marik_spb"]
[Result "0-1"]
[WhiteElo "2769"]
[BlackElo "2430"]
[TimeControl "180+1"]
[EndTime "8:19:15 PST"]
[Termination "marik_spb won on time"]

1. d4 Nf6 2. c4 e6 3. Nc3 Bb4 4. e3 O-O 5. Bd3 d5 6. Nf3 dxc4 7. Bxc4 c5 8. O-O Nc6 9. a3 Ba5 10. d5 exd5 11. Nxd5 Be6 12. Nxf6+ Qxf6 13. Qe2 Rac8 14. Bxe6 Qxe6 15. Bd2 Bxd2 16. Qxd2 b5 17. Rfd1 Rfd8 18.
Qc3 c4 19. h3 h6 20. Nd4 Nxd4 21. Rxd4 Rxd4 22. Qxd4 a5 23. Qa7 Qe5 24. Rb1 b4 25.
axb4 axb4 26. Qb7 Qc5 27. Rc1 c3 28. bxc3 bxc3 29. Rc2 Rd8 30. Qb3 Rd1+ 31. Kh2 Qc7+ 32. f4 Rd3 33. Re2 Qc5 34. e4 Qc7 35. e5 Rd4 36.
Rf2 Rc4 0-1

[Event "Early-Titled-Tuesday-Blitz-January-30-2024"]
[Site "Chess.com"]
[Date "2024.01.30"]
[Round "2"]
[White "only_strong_moves"]
[Black "carloseduar100"]
[Result "1-0"]
[WhiteElo "2534"]
[BlackElo "2275"]
[TimeControl "180+1"]
[EndTime "8:19:15 PST"]
[Termination "only_strong_moves won by checkmate"]

1. d4 d5 2. c4 e5 3. dxe5 d4 4. Nf3 Nc6 5. Nbd2 Bg4 6. g3 Nge7 7. Bg2 Ng6 8. O-O Qd7 9. Nb3 O-O-O 10. Qc2 h5 11. h4 Be7 12. Rd1 Bxf3 13. exf3 Ngxe5 14. f4 Ng4 15. Be4 Kb8 16. f3 Nf6 17. Bf5 Qd6 18.
Be3 g6 19. Bh3 d3 20. Qc3 Ne8 21. Rd2 Bf6 22. Qc1 Qe7 23. Qe1 Nd6 24. Rc1 Nf5 25. Bxf5 gxf5 26. Qf2 Rhg8 27. Re1 Qb4 28. Rc1 Bxh4 29. Bc5 Qa4 30. Qe3 Bxg3 31. Rg2 h4 32. Be7 Nxe7 33. Qxe7 d2 34. Rd1 Bxf4 35. Rxg8 Rxg8+ 36. Kh1 Qc6 37. Nd4 Qxc4 38. Nxf5 Qd5 39. Qe4 Qxe4 40.
fxe4 f6 41. Nxh4 Rh8 42. Kg2 Rxh4 43. Kf3 Be5 44. Rg1 Rh2 45. Rg8# 1-0